[ AOE2 MATCH · #513823712 ]
UnrankedMuisca vs Japanese
Player's team · WIN
Rival team · LOSS
[ REPLAY ANALYSIS · EXTRACTED FROM THE RECORDED GAME ]
Feudal
11:42
Castle
20:58
Imperial
—
| APM avg | 36.0 |
| APM peak | 70 |
| eAPM avg | 15.9 |
| Villagers / military | 56 / 0 |
Focus
⚔️ 32.8% · 🌾 67.2%
Unknown (2562) ×15 · Unknown (2550) ×4
Feudal
8:52
Castle
21:31
Imperial
—
| APM avg | 53.2 |
| APM peak | 98 |
| eAPM avg | 19.3 |
| Villagers / military | 50 / 22 |
Focus
⚔️ 32.2% · 🌾 67.8%
Archer ×14 · Knight ×5 · Militia ×3
Match map
Initial resources + every placement click. Lines = walls · curves = elevation contours. ◆ gold · ⬟ stone · ● berries · ✦ relic · ◌ wall gap
Your base· Open — 4t gap
Euphoria's base· Open — 12t gap
Smoothed initial terrain · ◌ = detected wall gap · hover for details
Inputs per minute
— niksu - - Euphoria
Build order — niksu
145 actions detected in the replay
| 0:01 | Queue | Villager (Male) |
| 0:02 | Queue | Villager (Male) |
| 0:02 | Queue | Villager (Male) |
| 0:02 | Queue | Villager (Male) |
| 0:04 | Build | House |
| 0:07 | Build | House |
| 1:42 | Queue | Villager (Male) |
| 2:14 | Queue | Villager (Male) |
| 2:15 | Queue | Villager (Male) |
| 2:31 | Queue | Villager (Male) |
| 2:54 | Build | Settlement |
| 2:57 | Queue | Villager (Male) |
| 2:57 | Queue | Villager (Male) |
| 3:14 | Queue | Villager (Male) |
| 3:14 | Queue | Villager (Male) |
| 3:52 | Queue | Villager (Male) |
| 4:10 | Queue | Villager (Male) |
| 4:39 | Queue | Villager (Male) |
| 4:40 | Queue | Villager (Male) |
| 4:48 | Build | Barracks |
| 5:07 | Build | House |
| 5:18 | Queue | Villager (Male) |
| 5:30 | Build | Palisade Wall |
| 5:32 | Build | Palisade Wall |
| 5:37 | Queue | Villager (Male) |
| 5:44 | Queue | Unit 2550 |
| 5:45 | Queue | Villager (Male) |
| 6:00 | Queue | Villager (Male) |
| 6:17 | Queue | Villager (Male) |
| 6:28 | Queue | Villager (Male) |
| 6:48 | Queue | Villager (Male) |
| 6:53 | Queue | Unit 2550 |
| 6:58 | Build | House |
| 7:15 | Build | Settlement |
| 8:10 | Queue | Villager (Male) |
| 8:15 | Queue | Unit 2550 |
| 8:27 | Build | Palisade Wall |
| 8:30 | Build | Palisade Wall |
| 8:35 | Build | Palisade Wall |
| 8:38 | Queue | Villager (Male) |
| 8:41 | Build | Farm |
| 8:51 | Build | Palisade Wall |
| 9:00 | Research | Loom |
| 9:03 | Build | Farm |
| 9:20 | Queue | Villager (Male) |
| 9:32 | Research | Feudal Age |
| 10:47 | Build | House |
| 11:39 | Queue | Villager (Male) |
| 11:42 | Age | Feudal Age |
| 11:42 | Build | Settlement |
| 12:19 | Build | Settlement |
| 12:20 | Queue | Villager (Male) |
| 12:25 | Queue | Villager (Male) |
| 12:46 | Build | Farm |
| 12:48 | Queue | Villager (Male) |
| 12:54 | Queue | Villager (Male) |
| 13:15 | Build | Watch Tower |
| 13:17 | Queue | Villager (Male) |
| 13:28 | Build | Palisade Wall |
| 13:32 | Queue | Villager (Male) |
| 13:35 | Build | Palisade Wall |
| 13:40 | Queue | Villager (Male) |
| 13:49 | Research | Double-Bit Axe |
| 13:56 | Queue | Villager (Male) |
| 13:58 | Build | Farm |
| 14:17 | Build | Palisade Wall |
| 14:30 | Queue | Villager (Male) |
| 14:33 | Build | Farm |
| 14:35 | Build | Farm |
| 15:00 | Queue | Villager (Male) |
| 15:12 | Build | House |
| 15:37 | Queue | Villager (Male) |
| 15:41 | Build | Farm |
| 15:50 | Queue | Villager (Male) |
| 15:59 | Build | Market |
| 16:02 | Queue | Villager (Male) |
| 16:08 | Queue | Villager (Male) |
| 16:27 | Build | Blacksmith |
| 16:32 | Build | Palisade Wall |
| 16:44 | Queue | Villager (Male) |
| 16:58 | Build | Palisade Wall |
| 17:19 | Build | Farm |
| 17:20 | Build | Farm |
| 17:20 | Build | Farm |
| 17:20 | Build | Farm |
| 17:20 | Build | Farm |
| 17:40 | Build | Palisade Wall |
| 17:55 | Build | House |
| 17:58 | Build | Farm |
| 18:17 | Research | Castle Age |
| 18:33 | Build | Farm |
| 18:37 | Build | Farm |
| 18:42 | Build | Settlement |
| 18:55 | Research | Fletching |
| 19:09 | Build | Farm |
| 19:23 | Build | Palisade Wall |
| 19:41 | Research | Padded Archer Armor |
| 20:04 | Research | Horse Collar |
| 20:04 | Research | Gold Mining |
| 20:58 | Age | Castle Age |
| 21:19 | Build | Castle |
| 21:30 | Build | Farm |
| 21:31 | Queue | Villager (Male) |
| 21:40 | Build | Settlement |
| 21:54 | Queue | Villager (Male) |
| 21:57 | Queue | Unit 2562 |
| 21:57 | Queue | Unit 2562 |
| 22:34 | Queue | Unit 2562 |
| 22:39 | Research | Leather Archer Armor |
| 22:48 | Queue | Villager (Male) |
| 22:51 | Build | Farm |
| 22:53 | Build | Farm |
| 23:10 | Queue | Unit 2562 |
| 23:21 | Research | Bodkin Arrow |
| 23:33 | Queue | Unit 2562 |
| 23:37 | Queue | Villager (Male) |
| 23:39 | Queue | Unit 2562 |
| 23:51 | Research | Town Watch |
| 23:57 | Queue | Unit 2562 |
| 24:09 | Queue | Villager (Male) |
| 24:10 | Queue | Unit 2562 |
| 24:52 | Queue | Villager (Male) |
| 24:53 | Queue | Unit 2550 |
| 25:04 | Queue | Unit 2562 |
| 25:08 | Queue | Villager (Male) |
| 25:13 | Build | Settlement |
| 25:22 | Queue | Villager (Male) |
| 25:27 | Build | Farm |
| 25:27 | Build | Farm |
| 25:27 | Build | Farm |
| 26:21 | Queue | Unit 2562 |
| 26:27 | Queue | Villager (Male) |
| 26:42 | Queue | Villager (Male) |
| 26:43 | Queue | Unit 2562 |
| 26:43 | Queue | Unit 2562 |
| 27:08 | Queue | Villager (Male) |
| 27:10 | Build | Outpost |
| 27:11 | Build | Outpost |
| 27:13 | Build | Outpost |
| 27:15 | Queue | Unit 2562 |
| 27:16 | Queue | Unit 2562 |
| 27:22 | Queue | Unit 2562 |
| 27:27 | Queue | Villager (Male) |
| 27:42 | Queue | Villager (Male) |
| 28:16 | Queue | Villager (Male) |
Build order — Euphoria
145 actions detected in the replay
| 0:00 | Queue | Villager (Male) |
| 0:01 | Build | House |
| 0:02 | Build | House |
| 0:04 | Queue | Villager (Male) |
| 0:19 | Queue | Villager (Male) |
| 0:20 | Queue | Villager (Male) |
| 1:22 | Queue | Villager (Male) |
| 1:22 | Queue | Villager (Male) |
| 2:01 | Queue | Villager (Male) |
| 2:06 | Build | Lumber Camp |
| 2:20 | Queue | Villager (Male) |
| 2:35 | Build | House |
| 2:48 | Queue | Villager (Male) |
| 2:48 | Queue | Villager (Male) |
| 3:05 | Queue | Villager (Male) |
| 3:39 | Queue | Villager (Male) |
| 3:39 | Queue | Villager (Male) |
| 3:51 | Queue | Villager (Male) |
| 4:24 | Queue | Villager (Male) |
| 5:02 | Queue | Villager (Male) |
| 5:10 | Queue | Villager (Male) |
| 5:29 | Queue | Villager (Male) |
| 5:32 | Build | Barracks |
| 5:58 | Research | Loom |
| 6:11 | Build | House |
| 6:41 | Research | Feudal Age |
| 6:56 | Queue | Militia |
| 7:00 | Build | Palisade Wall |
| 7:21 | Queue | Militia |
| 7:23 | Build | Mining Camp |
| 7:52 | Queue | Militia |
| 7:59 | Build | Palisade Wall |
| 8:01 | Build | Palisade Wall |
| 8:06 | Queue | Villager (Male) |
| 8:39 | Build | Mill |
| 8:44 | Queue | Villager (Male) |
| 8:52 | Age | Feudal Age |
| 9:06 | Research | Man-at-Arms (upgrade) |
| 9:18 | Build | Archery Range |
| 9:38 | Queue | Villager (Male) |
| 9:41 | Build | House |
| 9:42 | Build | Palisade Wall |
| 9:45 | Build | House |
| 9:49 | Build | Palisade Wall |
| 9:51 | Build | Palisade Wall |
| 10:01 | Build | House |
| 10:03 | Build | House |
| 10:11 | Build | House |
| 10:15 | Build | House |
| 10:19 | Build | Palisade Wall |
| 10:21 | Build | Palisade Wall |
| 10:43 | Build | Palisade Wall |
| 10:48 | Build | Palisade Wall |
| 11:23 | Queue | Villager (Male) |
| 11:36 | Queue | Villager (Male) |
| 11:39 | Build | Farm |
| 11:41 | Build | Farm |
| 11:43 | Build | Farm |
| 11:46 | Queue | Archer |
| 12:07 | Queue | Villager (Male) |
| 12:12 | Build | Palisade Wall |
| 12:16 | Build | Farm |
| 12:19 | Build | Farm |
| 12:22 | Build | Farm |
| 12:25 | Queue | Villager (Male) |
| 12:37 | Build | House |
| 12:48 | Queue | Villager (Male) |
| 13:09 | Build | Blacksmith |
| 13:11 | Build | Palisade Wall |
| 13:22 | Queue | Villager (Male) |
| 13:41 | Queue | Archer |
| 14:13 | Queue | Villager (Male) |
| 14:15 | Queue | Archer |
| 14:19 | Research | Fletching |
| 14:27 | Build | Farm |
| 14:32 | Build | Farm |
| 14:34 | Queue | Archer |
| 14:39 | Queue | Villager (Male) |
| 14:53 | Queue | Archer |
| 15:31 | Queue | Villager (Male) |
| 15:49 | Queue | Villager (Male) |
| 15:50 | Queue | Archer |
| 15:53 | Build | Farm |
| 15:55 | Build | Farm |
| 16:02 | Build | Farm |
| 16:05 | Queue | Archer |
| 16:12 | Queue | Villager (Male) |
| 16:43 | Queue | Villager (Male) |
| 16:44 | Queue | Archer |
| 16:51 | Build | Farm |
| 16:56 | Build | Farm |
| 17:10 | Queue | Villager (Male) |
| 17:18 | Build | Farm |
| 17:20 | Research | Wheelbarrow |
| 18:14 | Queue | Archer |
| 18:40 | Research | Castle Age |
| 19:39 | Research | Double-Bit Axe |
| 19:57 | Queue | Archer |
| 20:04 | Build | Archery Range |
| 20:23 | Queue | Archer |
| 20:42 | Queue | Archer |
| 20:58 | Queue | Archer |
| 20:58 | Queue | Archer |
| 21:02 | Queue | Villager (Male) |
| 21:31 | Age | Castle Age |
| 21:42 | Research | Bodkin Arrow |
| 21:44 | Research | Crossbowman (upgrade) |
| 21:56 | Build | House |
| 22:40 | Queue | Villager (Male) |
| 22:40 | Queue | Villager (Male) |
| 23:06 | Build | Town Center |
| 23:10 | Build | Farm |
| 23:11 | Research | Horse Collar |
| 23:23 | Queue | Villager (Male) |
| 23:34 | Queue | Villager (Male) |
| 23:56 | Build | Lumber Camp |
| 24:15 | Build | House |
| 24:17 | Build | House |
| 24:23 | Queue | Villager (Male) |
| 24:23 | Queue | Villager (Male) |
| 24:34 | Build | House |
| 24:42 | Build | Palisade Wall |
| 24:48 | Build | House |
| 24:55 | Queue | Villager (Male) |
| 25:14 | Build | Mining Camp |
| 25:18 | Build | Mining Camp |
| 25:27 | Build | Stable |
| 25:32 | Queue | Villager (Male) |
| 25:43 | Queue | Villager (Male) |
| 26:07 | Queue | Villager (Male) |
| 26:07 | Queue | Villager (Male) |
| 26:12 | Queue | Villager (Male) |
| 26:22 | Build | Mining Camp |
| 26:24 | Queue | Villager (Male) |
| 26:25 | Queue | Villager (Male) |
| 26:26 | Queue | Knight |
| 26:27 | Queue | Knight |
| 26:42 | Research | Scale Barding Armor |
| 26:59 | Queue | Knight |
| 27:14 | Queue | Villager (Male) |
| 27:16 | Research | Bloodlines |
| 27:21 | Build | Stable |
| 27:25 | Research | Bow Saw |
| 27:43 | Queue | Knight |
| 28:01 | Queue | Knight |
Match timeline
| 4:48 | niksu · first_building Barracks |
| 5:30 | niksu · wall_segment Palisade Wall x6 |
| 5:32 | niksu · wall_segment Palisade Wall x5 |
| 5:32 | Euphoria · first_building Barracks |
| 7:00 | Euphoria · wall_segment Palisade Wall x10 |
| 7:59 | Euphoria · wall_segment Palisade Wall x3 |
| 8:01 | Euphoria · wall_segment Palisade Wall x9 |
| 8:27 | niksu · wall_segment Palisade Wall x4 |
| 8:30 | niksu · wall_segment Palisade Wall x1 |
| 8:35 | niksu · wall_segment Palisade Wall x3 |
| 8:51 | niksu · wall_segment Palisade Wall x9 |
| 8:52 | Euphoria · age_up feudal |
| 9:18 | Euphoria · first_building Archery Range |
| 9:42 | Euphoria · wall_segment Palisade Wall x1 |
| 9:49 | Euphoria · wall_segment Palisade Wall x1 |
| 9:51 | Euphoria · wall_segment Palisade Wall x1 |
| 10:19 | Euphoria · wall_segment Palisade Wall x1 |
| 10:21 | Euphoria · wall_segment Palisade Wall x1 |
| 10:43 | Euphoria · wall_segment Palisade Wall x2 |
| 10:48 | Euphoria · wall_segment Palisade Wall x1 |
| 11:42 | niksu · age_up feudal |
| 12:12 | Euphoria · wall_segment Palisade Wall x1 |
| 13:11 | Euphoria · wall_segment Palisade Wall x4 |
| 13:28 | niksu · wall_segment Palisade Wall x1 |
| 13:35 | niksu · wall_segment Palisade Wall x1 |
| 14:17 | niksu · wall_segment Palisade Wall x1 |
| 16:32 | niksu · wall_segment Palisade Wall x1 |
| 16:58 | niksu · wall_segment Palisade Wall x5 |
| 17:40 | niksu · wall_segment Palisade Wall x2 |
| 18:12 | niksu · first_market_sell 100 stone |
| 18:14 | niksu · first_market_buy 100 food |
| 19:23 | niksu · wall_segment Palisade Wall x1 |
| 20:58 | niksu · age_up castle |
| 21:19 | niksu · first_building Castle |
| 21:31 | Euphoria · age_up castle |
| 24:42 | Euphoria · wall_segment Palisade Wall x1 |
| 25:27 | Euphoria · first_building Stable |
| 28:20 | Euphoria · resign |
[ AI ANALYSIS · 1 CREDIT ]
What really happened in this match?
Wolo.gg analyzes every decision: build order, eco, micro, common mistakes by bracket. Personalized analysis on WhatsApp or Discord in 30 seconds.
Civ guide
Muisca
Perfil
Jugador #1885593